 Dungeon Crawl Stone Soup version 0.27.1-4-g1640c2035a (webtiles) character file.

Game seed: 4540024137293694233

651 Fafnir the Chopper (level 7, -1/64 HPs)
             Began as a Gargoyle Berserker on Nov 4, 2021.
             Was a Priest of Trog.
             Slain by Menkaure (8 damage)
             ... on level 5 of the Dungeon.
             The game lasted 00:00:56 (4841 turns).

Fafnir the Chopper (Gargoyle Berserker)             Turns: 4841, Time: 00:00:56

Health: -1/64      AC: 19    Str: 23    XL:     7   Next: 53%
Magic:  7/7        EV:  7    Int:  7    God:    Trog [***...]
Gold:   186        SH:  0    Dex:  9    Spells: 6/6 levels left

rFire    . . .     SeeInvis .   Y - +0 hand axe
rCold    . . .     Faith    .   (no shield)
rNeg     + + .     Spirit   .   e - +0 plate armour
rPois    ∞         Reflect  .   (no helmet)
rElec    +         Harm     .   b - +2 cloak of Wenimom {rN+}
rCorr    .         Rampage  .   (no gloves)
Will     .....                  (no boots)
Stlth    ..........             (no amulet)
HPRegen  0.20/turn              (no ring)
MPRegen  0.10/turn              (no ring)

@: berserking, very quick
A: sickness immunity, AC +4, negative energy resistance 1, electricity
resistance, torment resistance 1, petrification resistance
a: Renounce Religion, Berserk, Trog's Hand


You were on level 5 of the Dungeon.
You worshipped Trog.
Trog was most pleased with you.
You visited 1 branch of the dungeon, and saw 5 of its levels.

You collected 186 gold pieces.


Innate Abilities, Weirdness & Mutations

You are immune to sickness and miasma.
Your stone body is resilient. (AC +4)
You are immune to poison.
You resist negative energy. (rN+)
You are resistant to electric shocks. (rElec)
You are resistant to unholy torment.
You are immune to petrification.


   Skills:
 - Level 4.2 Fighting
 + Level 6.8 Axes
 - Level 4.0 Armour
 - Level 1.5 Dodging


You had 6 spell levels left.
You didn't know any spells.
Your spell library was empty.

Inventory:

Hand Weapons
 k - a +0 flail
 Y - a +0 hand axe (weapon)
Missiles
 j - 5 javelins
Armour
 b - the +2 cloak of Wenimom (worn) {rN+}
   (You acquired it on level 3 of the Dungeon)

   rN:        It protects you from negative energy.
 e - a +0 plate armour (worn)
Scrolls
 a - a scroll of identify
Potions
 c - a potion of heal wounds {unknown}
 d - 2 potions of curing
 f - a potion of might
 g - a potion of resistance
 i - a potion of ambrosia {unknown}
 l - a potion of lignification {unknown}

Dungeon Overview and Level Annotations

Branches:
Dungeon (5/15)
 Temple: D:4-7

Altars:
Hepliaklqana
Sif Muna
Uskayaw

Annotations:
D:5 Edmund, Menkaure


Message History

The shadow slips into darkness.
The shadow flickers and vanishes!
Deactivating autopickup; reactivate with Ctrl-A.
Menkaure shouts, "The curse of the Pharaohs be upon you!"
Edmund and a zombie come into view.
Edmund is wielding a +2 dire flail of draining.
Edmund shouts!
You see here 9 gold pieces.
Menkaure hits you but does no damage. Menkaure hits you!
The shadow strikes at you from the darkness!
Reactivating autopickup.
You hit the shadow.
The shadow is moderately damaged.
You completely miss Menkaure. You hit Edmund.
Edmund hits you but does no damage. Menkaure hits you but does no damage.
The shadow hits you.
You barely miss the shadow.
The shadow is moderately damaged.
You hit Menkaure but do no damage. You hit Edmund but do no damage.
Edmund hits you but does no damage. Menkaure hits you but does no damage.
The shadow hits you.
4838 ||| INVOKING Berserk.
A red film seems to cover your vision as you go berserk!
You feel yourself moving faster!
You feel mighty!
Edmund hits you with a +2 dire flail of draining.
Menkaure hits you! The shadow hits you.
You slash the shadow!
The shadow is almost destroyed.
You closely miss Menkaure. You hit Edmund.
Menkaure hits you but does no damage. Edmund hits you but does no damage.
You hit the shadow.
The shadow is almost destroyed.
You barely miss Menkaure. You hit Edmund. Menkaure hits you but does no damage.
The shadow hits you.
Edmund hits you with a +2 dire flail of draining.
You closely miss the shadow.
The shadow is almost destroyed.
You hit Edmund but do no damage. You hit Menkaure. Menkaure hits you!
You die...

.......... .....=.!.
...(<.<.. .........
........# .......Z#
......W@### ...#
#....YM@$.####.#.~
##....#.#........~
#.........##..#~~
#.....#....##.##~~...
#..#..##.......#~...
.. #.....>......~...#
. .....#.[...###~~ .#
#.........%##~~ .#
............#~# .#


You could see Edmund, an ice beast, a shadow, Menkaure (fast) and a water
moccasin zombie.

Vanquished Creatures
  An ice beast (D:4)
  An ogre (D:4)
  A phantom (D:4)
  A gnoll sergeant (D:4)
  A scorpion (D:5)
  2 hounds
  An orc priest (D:3)
  9 gnolls
  4 adders
  2 dart slugs
  3 orcs
  7 bats
  5 endoplasms
  3 giant cockroaches
  4 goblins
  4 hobgoblins
  5 jackals (D:1)
  6 kobolds
  6 ball pythons
  6 frilled lizards
  3 rats
75 creatures vanquished.

Notes
Turn   | Place    | Note
-------+----------+-------------------------------------------
     0 | D:1      | Fafnir the Gargoyle Berserker began the quest for the Orb.
     0 | D:1      | Reached XP level 1. HP: 14/14 MP: 1/1
     0 | D:1      | 0 ||| counter = 1
    10 | D:1      | Found a faded altar of an unknown god.
   404 | D:1      | Reached skill level 3 in Axes
   670 | D:1      | 670 ||| INVOKING Berserk.
   670 | D:1      | HP: 3/21 [frozen (5)]
   672 | D:1      | Reached XP level 2. HP: 5/19 MP: 2/2
  1678 | D:1      | 1678 ||| UPGRADING to +0 ring mail.
  1688 | D:1      | 1688 ||| DROPPING +0 animal skin.
  1689 | D:1      | 1689 ||| UPGRADING to +0 plate armour.
  1699 | D:1      | 1699 ||| DROPPING +0 ring mail.
  1700 | D:1      | 1700 ||| READING 2 scrolls labelled JOLOTIRRUE.
  1701 | D:1      | 1701 ||| DRINKING 2 red potions.
  1752 | D:2      | 1752 ||| STAIRDANCE
  1842 | D:2      | Reached XP level 3. HP: 20/23 MP: 3/3
  2016 | D:2      | Reached ** piety under Trog
  2017 | D:2      | Reached skill level 4 in Axes
  2185 | D:2      | Found a hazy altar of Hepliaklqana.
  2326 | D:2      | 2326 ||| READING scroll labelled CIG KUDEIL.
  2327 | D:2      | 2327 ||| READING scroll labelled ZEISTO QEQA.
  2347 | D:2      | 2347 ||| READING 3 scrolls of identify.
  2347 | D:2      | 2347 ||| IDENTIFYING silvery potion
  2348 | D:2      | 2348 ||| READING 2 scrolls of identify.
  2348 | D:2      | 2348 ||| IDENTIFYING orange potion
  2349 | D:2      | 2349 ||| DROPPING potion of flight.
  2521 | D:3      | Reached XP level 4. HP: 24/28 MP: 4/4
  2840 | D:3      | 2840 ||| INVOKING Berserk.
  2990 | D:3      | Reached skill level 5 in Axes
  3155 | D:3      | Reached XP level 5. HP: 32/32 MP: 5/5
  3444 | D:3      | 3444 ||| READING scroll labelled LENUTA RIHUED.
  3445 | D:3      | 3445 ||| READING scroll labelled IMMIAH LIRYN.
  3445 | D:3      | Identified a scroll of acquirement
  3445 | D:3      | 3445 ||| ACQUIRING +2 cloak of Wenimom {rN+}
  3445 | D:3      | Acquired the +2 cloak of Wenimom {rN+}
  3447 | D:3      | 3447 ||| UPGRADING to +2 cloak of Wenimom {rN+}.
  3452 | D:3      | 3452 ||| DRINKING 2 black potions.
  3453 | D:3      | 3453 ||| READING 2 scrolls of identify.
  3453 | D:3      | 3453 ||| IDENTIFYING bubbling golden potion
  3454 | D:3      | 3454 ||| DROPPING potion of brilliance.
  3533 | D:4      | Found a hide-covered altar of Uskayaw.
  3556 | D:4      | 3556 ||| DROPPING +2 whip of electrocution.
  3568 | D:4      | Noticed a phantom
  3591 | D:4      | Killed a phantom
  3686 | D:4      | Found a shimmering blue altar of Sif Muna.
  3722 | D:4      | 3722 ||| INVOKING Berserk.
  3732 | D:4      | Reached XP level 6. HP: 38/38 MP: 6/6
  3748 | D:4      | Reached *** piety under Trog
  4151 | D:4      | 4151 ||| INVOKING Berserk.
  4155 | D:4      | Reached XP level 7. HP: 43/43 MP: 7/7
  4417 | D:4      | Reached skill level 6 in Axes
  4556 | D:4      | 4556 ||| READING 2 scrolls of identify.
  4556 | D:4      | 4556 ||| IDENTIFYING cyan potion
  4557 | D:4      | 4557 ||| DROPPING potion of attraction.
  4581 | D:5      | Entered Level 5 of the Dungeon
  4588 | D:5      | 4588 ||| STAIRDANCE
  4615 | D:5      | 4615 ||| STAIRDANCE
  4829 | D:5      | Noticed Menkaure
  4829 | D:5      | Noticed a shadow
  4834 | D:5      | Noticed Edmund
  4838 | D:5      | 4838 ||| INVOKING Berserk.
  4838 | D:5      | HP: 12/64 [Menkaure (14)]
  4841 | D:5      | Slain by Menkaure

Levels and vault maps discovered:
D:1:      dpeg_arrival_tiny_c, layout_loops_corners,
          ebering_ecumenical_altar_abandoned
D:2:      layout_rooms, basic_altar
D:3:      layout_basic, nrook_campfire
D:4:      layout_cave_pods, mainiacjoe_overflow_alcove_1,
          eat_drink_and_be_merry_uskayaw
D:5:      layout_rooms, nicolae_ashenzari_skybound, fiery_altar_vehumet,
          minmay_temple_entry_tees, chequers_serial_rivers_small_a,
          uniq_menkaure, uniq_edmund, uniq_crazy_yiuf_cottage

Skill      XL: |  1  2  3  4  5  6  7 |
---------------+----------------------+-----
Axes           | 3 4 5 6 |  6.8
Armour         | 4 |  4.0
Fighting       | 4 |  4.2
Dodging        | |  1.5

Action                   |  1- 3 |  4- 6 |  7- 9 || total
-------------------------+-------+-------+-------++-------
Melee: Hand axe          |   123 |   125 |    65 ||   313
Invok: Berserk           |     1 |     3 |     1 ||     5
  Use: Scroll            |     5 |     3 |     1 ||     9
       Potion            |     1 |     1 |       ||     2
Armor: Animal skin       |    21 |       |       ||    21
       Plate armour      |    45 |    89 |    41 ||   175
Dodge: Dodged            |    63 |    59 |    22 ||   144

Table legend:
 A = Non-vault XP
 B = Vault XP
 C = Vault XP percentage of total XP
 D = Non-vault monster count
 E = Vault monster count
 F = Vault count percentage of total count
                 A         B        C        D         E       F
            +---------+---------+-------+---------+---------+-------
      Total |     930 |       0 |   0.0 |      75 |       0 |   0.0
            +---------+---------+-------+---------+---------+-------
        D:1 |      30 |       0 |   0.0 |      17 |       0 |   0.0
        D:2 |      32 |       0 |   0.0 |      12 |       0 |   0.0
        D:3 |     105 |       0 |   0.0 |      24 |       0 |   0.0
        D:4 |     613 |       0 |   0.0 |      18 |       0 |   0.0
        D:5 |     150 |       0 |   0.0 |       4 |       0 |   0.0
            +---------+---------+-------+---------+---------+-------
